 Dungeon Crawl Stone Soup version 0.31-a0-237-g2d982f9f85 (webtiles) character file.

Game seed: 8551189582157639492

124 qw the Shooter (level 5, -3/30 HPs)
             Began as a Gargoyle Hexslinger on July 11, 2023.
             Slain by an iguana (8 damage)
             ... on level 3 of the Dungeon.
             The game lasted 00:00:51 (2040 turns).

qw the Shooter (Gargoyle Hexslinger)                Turns: 2040, Time: 00:00:51

Health: -3/30      AC:  9    Str: 12    XL:     5   Next: 8%
Magic:  6/6        EV: 10    Int: 13    God:
Gold:   116        SH:  0    Dex: 14    Spells: 5/6 levels left

rFire   . . .        Y - +1 sling
rCold   . . .        (no shield)
rNeg    + . .        i - +0 ring mail
rPois   inf          (no helmet)
rElec   +            (no cloak)
rCorr   .            (no gloves)
SInv    .            (no boots)
Will    .....        (no amulet)
Stlth   +            (no ring)
HPRegen 0.25/turn    (no ring)
MPRegen 0.10/turn

%: no passive effects
@: about to teleport
A: sickness immunity, AC +4, negative energy resistance 1, electricity
resistance, torment resistance 1, petrification resistance
a: no special abilities


You were on level 3 of the Dungeon.
You visited 1 branch of the dungeon, and saw 3 of its levels.

You collected 116 gold pieces.


Innate Abilities, Weirdness & Mutations

You are immune to sickness and miasma.
Your stone body is resilient. (AC +4)
You are immune to poison.
You resist negative energy. (rN+)
You are resistant to electric shocks. (rElec)
You are resistant to unholy torment.
You are immune to petrification.


   Skills:
 - Level 2.0 Fighting
 + Level 4.6 Ranged Weapons
 - Level 1.0 Armour
 - Level 1.5 Dodging
 - Level 1.0 Spellcasting
 - Level 2.6 Hexes


You had 5 spell levels left.
You knew the following spells:

 Your Spells              Type           Power      Damage    Failure   Level
a - Slow                  Hex            28%        N/A       22%         1

Your spell library contained the following spells:

 Spells                   Type           Power      Damage    Failure   Level
 Inner Flame              Hex/Fire       4%         N/A       73%         3
 Portal Projectile        Hex/Tloc       8%         N/A       73%         3
 Cause Fear               Hex            3%         N/A       91%         4

Inventory:

Hand Weapons
 Y - a +1 sling (weapon)
Armour
 i - a +0 ring mail (worn)
Scrolls
 f - a scroll of identify {unknown}
 h - a scroll of fear {unknown}
Potions
 a - a potion of brilliance {unknown}
 b - a potion of heal wounds {unknown}
 c - a potion of attraction {unknown}
 d - 2 potions of might {unknown}
 e - a potion of curing

Dungeon Overview and Level Annotations

Branches:
Dungeon (3/15)

Altars:
Ashenzari
Dithmenos
Gozag
Hepliaklqana
Kikubaaqudgha
Xom

Shops:
D:2 [


Message History

You shoot a sling bullet. The sling bullet hits the iguana.
The iguana is moderately wounded.
You shoot a sling bullet.
The sling bullet hits the iguana but does no damage.
The iguana is moderately wounded.
The iguana completely misses you.
You shoot a sling bullet. The sling bullet hits the iguana.
The iguana is heavily wounded.
The iguana bites you! The iguana bites you.
You shoot a sling bullet. The sling bullet hits the iguana.
The iguana is heavily wounded.
The iguana bites you but does no damage.
You shoot a sling bullet.
The sling bullet hits the iguana but does no damage.
The iguana is heavily wounded.
The iguana bites you but does no damage.
You shoot a sling bullet.
The sling bullet hits the iguana but does no damage.
The iguana is heavily wounded.
The iguana barely misses you.
You shoot a sling bullet.
The sling bullet hits the iguana but does no damage.
The iguana is heavily wounded.
The iguana bites you but does no damage. x2
You shoot a sling bullet.
The sling bullet barely misses the iguana.
The iguana bites you!
You shoot a sling bullet.
The sling bullet hits the iguana but does no damage.
The iguana is heavily wounded.
The iguana closely misses you.
You shoot a sling bullet. The sling bullet hits the iguana.
The iguana is almost dead.
The iguana bites you!
The iguana bites you but does no damage.
2040 ||| READING scroll of teleportation.
As you read the scroll of teleportation, it crumbles to dust.
You feel strangely unstable. The iguana bites you!
You die...

8......#.### ##...##
##...)...##.8.8.8.8.#
8...8#
.##.......#8_.._.._8#
#...##
..##8#>.###.........###
#.^.#
...###..###.........#.#
##..#
..........#8.......8#.#
#..#
..<....####._.._.._.#.#
#..# .......#
#8.....l.8#.# #..#
######## #..@# #.# #..#
# #...# #.# #..# #...#
#.# #..# #####8.8# #.#
#..# #..##...##'## #.#
#.## #..........# #.#
##.#
.....#.########.####..#
.#.#.#.#.#.#.#........##
...............#..>##.#


You could see an iguana.

Vanquished Creatures
  6 adders
  3 dart slugs
  2 orcs (D:3)
  3 ball pythons
  5 bats
  3 endoplasms
  2 giant cockroaches
  4 goblins
  9 hobgoblins
  6 jackals
  2 quokkas (D:1)
  3 frilled lizards
  6 kobolds
  5 rats
59 creatures vanquished.

Notes
Turn   | Place    | Note
-------+----------+-------------------------------------------
     0 | D:1      | qw the Gargoyle Hexslinger began the quest for the Orb.
     0 | D:1      | Reached XP level 1. HP: 12/12 MP: 2/2
     0 | D:1      | 0 ||| qw: Version: 0.3-a-52-g30416fa
     0 | D:1      | 0 ||| qw: Game counter: 5600
     0 | D:1      | 0 ||| qw: Melee chars always use a shield: true
     0 | D:1      | 0 ||| qw: God list: Okawaru
     0 | D:1      | 0 ||| qw: Allow faded altars: false
     0 | D:1      | 0 ||| qw: Do Orc after clearing Dungeon:15 true
     0 | D:1      | 0 ||| qw: Do second Lair branch before Depths: true
     0 | D:1      | 0 ||| qw: Lair rune preference: random
     0 | D:1      | 0 ||| qw: Goals: Normal
     0 | D:1      | 0 ||| PLANNING D:1-11
    71 | D:1      | Found a faded altar of an unknown god.
   171 | D:1      | Reached XP level 2. HP: 16/16 MP: 3/3
   284 | D:1      | Reached skill level 3 in Ranged Weapons
   802 | D:1      | 802 ||| UPGRADING to +0 ring mail.
   812 | D:1      | 812 ||| DROPPING +0 robe.
   813 | D:1      | 813 ||| READING scroll labelled FEMMID RIXAAMI.
   814 | D:1      | 814 ||| READING 2 scrolls labelled KOXOPO IN ULO.
   819 | D:1      | 819 ||| READING scroll labelled LEETO YNEDD.
   820 | D:1      | 820 ||| DRINKING 2 black potions.
   821 | D:1      | 821 ||| DROPPING scroll of poison.
   903 | D:2      | Reached XP level 3. HP: 19/21 MP: 4/4
  1178 | D:2      | Found Dealou Uduag's Antique Armour Shop.
  1201 | D:2      | 1201 ||| SHOPLISTING helmet (135 gold, have 83).
  1201 | D:2      | 1201 ||| SHOPLISTING pair of gloves (135 gold, have 83).
  1201 | D:2      | 1201 ||| SHOPLISTING runed robe (111 gold, have 83).
  1268 | D:2      | Reached XP level 4. HP: 11/26 MP: 5/5
  1455 | D:2      | Reached skill level 4 in Ranged Weapons
  1486 | D:2      | 1486 ||| READING scroll labelled QAOJYXZAJO.
  1788 | D:3      | 1788 ||| Stepping ~*~*~tactically~*~*~ (outnumbered).
  1841 | D:3      | Reached skill level 1 in Armour
  1941 | D:3      | Reached XP level 5. HP: 29/30 MP: 6/6
  2024 | D:3      | Found a broken altar of Ashenzari.
  2026 | D:3      | Found a hazy altar of Hepliaklqana.
  2026 | D:3      | Found a shimmering altar of Xom.
  2028 | D:3      | Found an opulent altar of Gozag.
  2028 | D:3      | Found a shadowy altar of Dithmenos.
  2028 | D:3      | Found an ancient bone altar of Kikubaaqudgha.
  2039 | D:3      | HP: 5/30 [iguana (8)]
  2040 | D:3      | 2040 ||| READING scroll of teleportation.
  2040 | D:3      | Slain by an iguana

Levels and vault maps discovered:
D:1:      shiori_arrival_oz, layout_loops_ring, basic_ecumenical_altar,
          minmay_door_square, minmay_tetromino_s2
D:2:      layout_loops_cross, serial_shops, shop
D:3:      layout_rooms, doesnt_xom_only_xom, serial_corexii_hall,
          chequers_hall_statues_y, chequers_hall_statues_y, st_stairs_12,
          kennysheep_another_room

Skill      XL: |  1  2  3  4 |
---------------+-------------+-----
Ranged Weapons | 3 4 |  4.6
Fighting       | 2 |  2.0
Armour         | 1 |  1.0
Dodging        | |  1.5
Spellcasting   | |  1.0
Hexes          | |  2.6

Action                     |  1- 3 |  4- 6 || total
---------------------------+-------+-------++-------
   Fire: Sling             |   119 |    99 ||   218
    Use: Scroll            |     3 |     2 ||     5
         Potion            |     1 |       ||     1
 Armour: Robe              |    13 |       ||    13
         Ring mail         |    24 |    48 ||    72
  Dodge: Dodged            |    45 |    67 ||   112

Table legend:
 A = Non-vault XP
 B = Vault XP
 C = Vault XP percentage of total XP
 D = Non-vault monster count
 E = Vault monster count
 F = Vault count percentage of total count
                 A         B        C        D         E       F
            +---------+---------+-------+---------+---------+-------
      Total |     170 |       8 |   4.5 |      54 |       5 |   8.5
            +---------+---------+-------+---------+---------+-------
        D:1 |      27 |       4 |  12.9 |      16 |       3 |  15.8
        D:2 |      76 |       0 |   0.0 |      22 |       0 |   0.0
        D:3 |      67 |       4 |   5.6 |      16 |       2 |  11.1
            +---------+---------+-------+---------+---------+-------
